Map: Torches LE

Players

babaika

  • Race: Terran Terran
  • League: Platinum
  • Spawn Location: 1:00

LigerMaNN - Winner!

  • Race: Zerg Zerg
  • League: Diamond
  • Spawn Location: 5:00

VOD

Have the link to the VOD?

Description

Time

  • Played on: June 29, 2025, 1:56 a.m.
  • Length: 16:30
Show
View Real Time Build Order
Export as new Build Order

babaika Terran 

Build Orders: Liberator Opening 

Get SALT Encoding   

  12  0:00  SCV  
  13  0:12  SCV  
  14  0:17  Supply Depot  
  14  0:24  SCV  
  15  0:39  SCV  
  15  0:41  Barracks  
  16  0:45  Refinery  
  16  0:51  SCV  
  17  1:03  SCV  
  18  1:15  SCV  
  19  1:27  Orbital Command  
  19  1:29  Barracks Reactor  
  19  1:41  Command Center  
  19  1:49  Supply Depot  
  19  1:53  SCV  
  20  2:05  Marine x2  
  20  2:06  SCV  
  23  2:11  Factory  
  23  2:17  Bunker  
  23  2:18  SCV  
  24  2:24  Refinery  
  24  2:26  Marine  
  24  2:28  Marine  
  26  2:31  SCV  
  27  2:43  SCV  
  28  2:52  Orbital Command  
  28  2:54  Factory Tech Lab  
  28  2:57  Starport  
  28  2:59  SCV  
  29  3:11  SCV  
  30  3:17  Supply Depot, Siege Tank  
  30  3:18  Marine x2  
  35  3:22  SCV  
  36  3:30  SCV  
  37  3:34  SCV  
  37  3:36  Marine x2  
  37  3:40  Supply Depot, Liberator  
  43  3:54  Marine x2  
  39  3:56  Orbital Command  
  35  4:04  Siege Tank  
  37  4:11  Marine x2  
  39  4:22  SCV x2  
  41  4:29  Marine x2  
  43  4:31  Starport Reactor  
  43  4:34  SCV x2  
  38  4:46  SCV x2  
  38  4:50  Siege Tank  
  43  4:56  Barracks  
  43  4:58  Barracks, SCV  
  44  5:09  Engineering Bay  
  44  5:12  Engineering Bay  
  44  5:13  Marine x2  
  43  5:19  Bunker  
  43  5:25  Refinery  
  43  5:26  Refinery  
  43  5:29  Medivac x2  
  43  5:31  Marine x2  
  49  5:37  Missile Turret, Terran Infantry Weapons Level 1  
  49  5:41  Missile Turret  
  49  5:42  SCV  
  53  5:50  Siege Tank  
  53  5:52  Barracks Tech Lab  
  53  5:57  SCV  
  54  6:08  Supply Depot  
  54  6:18  Missile Turret  
  54  6:23  Terran Infantry Armor Level 1  
  54  6:24  Barracks Tech Lab  
  54  6:30  Stimpack, SCV x2  
  56  6:41  Missile Turret  
  56  6:42  SCV x2  
  58  6:47  Supply Depot  
  58  6:49  Marine x2  
  60  6:54  SCV  
  61  7:06  Missile Turret  
  61  7:09  Siege Tank  
  61  7:10  Supply Depot, Armory  
  61  7:12  Supply Depot  
  64  7:20  Combat Shield  
  64  7:21  Barracks  
  64  7:22  Barracks  
  64  7:23  Medivac  
  64  7:24  Marine x2  
  68  7:36  Missile Turret  
  68  7:41  Supply Depot  
  68  7:43  Supply Depot  
  68  7:44  SCV x2  
  70  7:56  SCV x2  
  74  7:58  Marauder, Marine x2  
  74  7:59  Marauder  
  74  8:03  Terran Vehicle Weapons Level 1  
  78  8:06  Terran Infantry Weapons Level 2  
  78  8:08  SCV x2  
  78  8:10  Concussive Shells  
  80  8:20  SCV  
  80  8:21  Barracks Reactor x2  
  80  8:22  Terran Infantry Armor Level 2  
  80  8:25  Marauder x2, Marine  
  86  8:31  Marine  
  87  8:42  Marine  
  87  8:46  Marine x2  
  90  8:52  Supply Depot  
  90  8:53  Supply Depot  
  90  8:56  Command Center  
  90  8:59  Medivac  
  90  9:00  Marine x3, Medivac  
  97  9:09  Marauder x2, Marine  
  102  9:13  Marine  
  103  9:19  Siege Tank  
  103  9:24  Marine x3  
  68  9:39  Marauder, Marine  
  68  9:40  Marauder, Marine x2  
  68  9:42  Marine  
  76  9:55  SCV x2  
  76  9:58  Terran Vehicle And Ship Armor Level 1  
  76  9:59  Marine  
  79  10:01  Marauder x2  
  79  10:06  Marine x3  
  86  10:07  SCV x2  
  88  10:18  Orbital Command  
  88  10:19  SCV  
  86  10:21  Marine x3  
  86  10:22  Marine x2  
  86  10:23  Marine  
  87  10:38  Marine x2  
  87  10:39  Marine x3  
  87  10:40  Marauder x2  
  87  10:41  Marine  
  87  10:42  Orbital Command, Terran Infantry Weapons Level 3  
  97  10:54  Terran Infantry Armor Level 3  
  97  10:56  Marine x2  
  99  10:57  Marine x2  
  99  11:01  Marauder  
  99  11:02  Marauder  
  74  11:20  Marine x6  
  74  11:23  Marauder x2  
  74  11:25  SCV x2  
  84  11:37  Marine  
  84  11:38  Marine x5  
  90  11:43  Siege Tank  
  90  11:44  Marauder, Marine, Medivac  
  98  11:51  Terran Vehicle Weapons Level 2  
  98  11:55  Supply Depot, Marine x2  
  98  11:56  Supply Depot  
  100  12:03  Refinery, Medivac  
  100  12:04  Refinery, Marine x3  
  105  12:14  Medivac  
  107  12:15  Siege Tank  
  110  12:28  Factory  
  110  12:30  Factory  
  79  12:46  Marine x3  
  79  12:47  Marine x5  
  79  12:51  Siege Tank, Medivac x2  
  71  13:04  Marine x5  
  71  13:05  Marine x3  
  78  13:09  SCV x3  
  81  13:19  Bunker  
  81  13:22  Marine x6  
  81  13:23  Marine x2, Siege Tank  
  92  13:40  Marine x2  
  85  13:53  Marauder x2, Marine x4  
  93  13:57  Marine x2  
  93  14:01  Factory  
  94  14:03  Factory  
  94  14:05  Barracks  
  94  14:09  Barracks, SCV x3  
  81  14:11  Marine x4  
  81  14:14  Marine x2  
  79  14:21  SCV x2  
  75  14:30  Marine  
  75  14:31  Marine x3  
  65  14:32  Marine x2  
  57  14:48  Marine x2  
  57  14:49  Marine  
  57  14:50  Orbital Command  
  56  14:56  SCV x2  
  55  15:06  Marine x2  
  56  15:08  SCV x2  
  58  15:20  SCV  
  58  15:21  SCV  
  36  15:57  Marine x5  
  36  15:58  Marine  
Show
View Real Time Build Order
Export as new Build Order

LigerMaNN Zerg - Winner!

Build Orders: Hatch First 

Get SALT Encoding   

  12  0:00  Drone  
  13  0:12  Overlord  
  13  0:17  Drone  
  14  0:30  Drone x2  
  14  0:34  Drone  
  17  0:51  Hatchery  
  17  0:54  Drone  
  17  0:57  Drone  
  18  1:07  Extractor  
  17  1:13  Spawning Pool  
  17  1:16  Drone  
  17  1:19  Drone  
  18  1:28  Drone  
  19  1:38  Drone  
  20  1:49  Overlord  
  20  2:03  Queen  
  20  2:04  Queen  
  20  2:05  Zergling x4  
  26  2:11  Metabolic Boost  
  26  2:17  Drone x2  
  26  2:21  Drone  
  29  2:37  Baneling Nest  
  29  2:39  Zergling x6  
  29  2:44  Overlord  
  31  2:48  Zergling x2  
  32  2:54  Zergling x2  
  33  3:05  Zergling x4  
  35  3:12  Overlord  
  35  3:14  Zergling x10  
  35  3:15  Zergling x2  
  35  3:18  Zergling x2  
  42  3:27  Overlord  
  42  3:28  Overlord  
  34  3:53  Zergling x14  
  37  4:06  Drone x2  
  38  4:10  Hatchery  
  36  4:23  Drone x2  
  38  4:26  Overlord  
  31  4:42  Zergling x14  
  35  5:02  Drone x3  
  35  5:03  Drone  
  36  5:18  Drone  
  36  5:19  Drone x7  
  44  5:26  Lair  
  44  5:40  Evolution Chamber  
  44  5:41  Drone x2, Evolution Chamber  
  44  5:42  Drone x2  
  46  5:45  Drone  
  46  5:46  Drone  
  48  5:53  Queen  
  50  6:06  Drone  
  50  6:07  Drone x6  
  50  6:10  Overlord  
  57  6:14  Zerg Melee Weapons Level 1  
  57  6:18  Zerg Ground Armor Level 1  
  57  6:23  Drone x3  
  57  6:25  Drone  
  61  6:26  Drone  
  61  6:32  Queen  
  64  6:44  Zergling x18  
  73  6:48  Drone  
  73  6:49  Drone  
  73  6:54  Drone  
  76  7:00  Overlord  
  71  7:17  Hatchery  
  71  7:18  Drone x8  
  71  7:19  Drone  
  71  7:22  Extractor  
  78  7:24  Centrifugal Hooks  
  78  7:27  Hydralisk Den  
  77  7:30  Extractor  
  77  7:36  Drone x3  
  77  7:37  Drone x8, Hatchery, Extractor x2  
  84  7:55  Zergling x10  
  84  7:56  Baneling  
  84  7:57  Baneling x13  
  89  7:59  Zergling x8  
  89  8:05  Drone x2  
  95  8:06  Extractor  
  95  8:07  Drone  
  95  8:17  Zergling x6  
  98  8:27  Spore Crawler  
  98  8:30  Spore Crawler  
  98  8:31  Spore Crawler  
  98  8:33  Zergling x8  
  98  8:34  Zergling x10  
  104  8:37  Baneling  
  104  8:38  Baneling x4  
  104  8:40  Zerg Melee Weapons Level 2, Zerg Ground Armor Level 2  
  104  8:42  Muscular Augments  
  104  8:45  Overlord x4  
  104  8:46  Overlord  
  104  8:54  Pneumatized Carapace  
  104  9:11  Hydralisk x8  
  104  9:14  Zergling x12  
  98  9:41  Zergling x30  
  98  9:42  Zergling x6  
  116  9:47  Drone  
  116  9:48  Infestation Pit  
  116  9:59  Queen x4  
  124  10:09  Baneling x5  
  124  10:10  Baneling x17  
  124  10:12  Zergling x4  
  121  10:48  Drone x10  
  121  10:49  Drone x4  
  135  10:50  Drone  
  135  10:52  Hydralisk x6  
  148  10:57  Overseer x3  
  148  11:01  Overseer  
  126  11:24  Zergling x12  
  126  11:25  Zergling x36  
  150  11:30  Hive  
  150  11:33  Spire  
  150  11:38  Drone, Extractor  
  150  11:39  Drone  
  150  11:40  Drone, Extractor  
  150  11:41  Overlord  
  150  11:42  Overlord x4  
  150  11:45  Baneling x2  
  150  11:46  Baneling x8  
  150  11:47  Baneling x2  
  150  11:48  Baneling x2  
  150  11:49  Baneling x2  
  150  11:50  Baneling x3  
  150  11:51  Baneling  
  150  12:28  Hatchery  
  97  13:01  Zergling x46  
  97  13:02  Zergling x20  
  128  13:06  Zerg Melee Weapons Level 3, Zerg Ground Armor Level 3  
  128  13:07  Adrenal Glands  
  128  13:09  Zerg Flyer Weapons Level 1  
  128  13:10  Mutalisk x6  
  140  13:20  Baneling x9  
  140  13:21  Baneling x14  
  140  13:22  Mutalisk  
  140  13:23  Mutalisk x3  
  135  13:46  Zergling x22  
  135  13:47  Zergling x20  
  147  13:54  Zergling x8  
  128  14:19  Zergling x36  
  136  14:39  Mutalisk x14  
  141  14:58  Zergling x16  
  141  14:59  Zergling x8  
  144  15:15  Hydralisk x6  
  144  15:16  Hydralisk x6  
  144  15:18  Zergling x4  
  144  15:20  Baneling  
  144  15:21  Baneling x4  
  170  15:22  Baneling x2  
  170  15:23  Baneling  
  170  15:24  Baneling x2  
  170  15:25  Baneling x2  
  170  15:39  Ultralisk Cavern  
  170  15:41  Baneling  
  170  15:42  Baneling x3  
  138  15:58  Mutalisk  
  138  15:59  Mutalisk  
Tags
 
Add a new tag
Caveats
  • Supply blocks, unpowered buildings, or Contaminate may cause inaccurate times.
  • Supply counts are checked every 10 seconds.